Map: Eternal Empire LE

Players

waf - Winner!

  • Race: Zerg Zerg
  • League: Platinum
  • Spawn Location: 1:00

Massa

  • Race: Terran Terran
  • League: Gold
  • Spawn Location: 7:00

VOD

Have the link to the VOD?

Description

Time

  • Played on: Aug. 11, 2020, 9:37 a.m.
  • Length: 8:25
Show
View Real Time Build Order
Export as new Build Order

waf Zerg - Winner!

Build Orders: Hatch First 

Get SALT Encoding   

  12  0:00  Drone  
  13  0:08  Drone  
  14  0:22  Overlord  
  14  0:41  Drone  
  15  0:53  Hatchery  
  15  0:55  Drone x2  
  16  1:14  Drone x2  
  18  1:19  Spawning Pool  
  18  1:22  Extractor  
  16  1:25  Drone  
  17  1:34  Drone  
  18  1:42  Drone  
  19  1:52  Drone  
  20  2:07  Roach Warren, Queen  
  21  2:09  Queen  
  21  2:12  Zergling x2  
  21  2:14  Drone  
  25  2:19  Drone  
  26  2:24  Overlord  
  26  2:30  Extractor  
  26  2:36  Zergling x2  
  26  2:48  Drone  
  26  2:49  Drone  
  28  2:52  Roach x3  
  34  3:06  Overlord  
  34  3:07  Drone  
  33  3:47  Roach x3  
  37  4:13  Roach x2  
  31  4:33  Roach x2  
  33  4:50  Roach  
  35  4:56  Lair  
  35  4:59  Roach x4  
  43  5:01  Hatchery  
  43  5:04  Zergling x2  
  43  5:05  Roach  
  43  5:08  Overlord  
  43  5:17  Queen, Ravager  
  39  5:35  Roach x3  
  45  5:50  Ravager  
  45  5:51  Ravager  
  46  6:11  Roach x2  
  46  6:12  Roach  
  46  6:14  Roach x3  
  56  6:25  Ravager  
  48  6:47  Roach x3  
  48  6:50  Roach x2  
  58  7:50  Roach  
Show
View Real Time Build Order
Export as new Build Order

Massa Terran 

Build Orders:  

Get SALT Encoding   

  12  0:01  SCV  
  13  0:13  SCV  
  14  0:20  Supply Depot  
  14  0:25  SCV  
  15  0:29  Refinery  
  15  0:43  Barracks  
  15  0:45  SCV  
  16  0:57  SCV  
  17  1:09  SCV  
  18  1:17  Supply Depot  
  18  1:23  SCV  
  19  1:30  Reaper  
  19  1:32  Barracks  
  20  1:37  Orbital Command  
  20  2:02  Reaper  
  20  2:07  SCV  
  22  2:19  Reaper  
  23  2:25  Command Center  
  23  2:51  Marine x2  
  24  3:01  SCV  
  25  3:09  Marine x2  
  25  3:12  Factory  
  27  3:14  SCV  
  27  3:15  Engineering Bay  
  27  3:16  Supply Depot  
  27  3:18  Refinery  
  24  3:37  Marine  
  24  3:38  SCV  
  24  3:39  Marine  
  23  3:50  SCV  
  23  3:55  Marine  
  23  3:57  Marine  
  24  4:04  SCV  
  21  4:13  Marine  
  21  4:14  Marine  
  21  4:16  SCV  
  18  4:28  SCV  
  13  4:40  SCV  
  12  4:47  Bunker  
  12  4:49  Marine  
  12  4:50  Marine  
  12  4:52  SCV  
  15  4:55  SCV  
  16  5:04  SCV  
  17  5:07  Marine x2  
  17  5:08  SCV  
  20  5:16  SCV  
  19  5:25  Marine x2  
  19  5:26  SCV  
  22  5:29  SCV  
  23  5:41  SCV  
  23  5:43  Marine x2  
  24  6:01  Marine  
  24  6:10  Factory  
  22  6:23  Marine  
  22  6:31  Barracks  
  22  6:32  Barracks, Supply Depot  
  21  6:41  Marine  
  21  6:47  Planetary Fortress  
  13  6:58  SCV  
  13  6:59  Marine  
  13  7:08  Widow Mine  
  9  7:39  Marine  
  7  7:57  Marine  
Tags
 
Matchup
TvZ
Replay Pack
Multiplayer
Spawn Locations
Cross Positions
Add a new tag
Caveats
  • Supply blocks, unpowered buildings, or Contaminate may cause inaccurate times.
  • Supply counts are checked every 10 seconds.